General information
- name: BNet
- type: Ladder team game (AT/RT)
- host: Battle.net
- saver: Bigmouth
map: MarketSquare
- players: 8
- length: 57:08
- speed: Fast
- version: 1.26 W3XP
- replay type: Public
» download(349 KB)
Players
team 1 (loser)
Dial-up (
red | 103 APM | 4727 actions | 46:04)
7 Archmage
2 Summon Water Elemental
1 Brilliance Aura
3 Blizzard
1 Mass Teleport
5 Mountain King
3 Storm Bolt
2 Bash
5 Paladin
1 Divine Shield
3 Holy Light
1 Devotion Aura
» actions
| Assign group hotkey | 140 | |
| Basic commands | 54 | |
| Build / train | 149 | |
| Enter build submenu | 76 | |
| Enter hero's abilities submenu | 18 | |
| Give item / drop item | 3 | |
| Right click | 2155 | |
| Select / deselect | 994 | |
| Select group hotkey | 909 | |
| Use ability | 228 | |
4727 total
» units
| Peasant | 33 | |
| Rifleman | 3 | |
| Flying Machine | 36 | |
| Gryphon Rider | 5 | |
77 total
» upgrades
| Lumber Harvesting | 2 | |
| Swords | 2 | |
| Masonry | 2 | |
| Magic Sentry | 1 | |
| Storm Hammers | 1 | |
| Plating | 2 | |
| Flak Cannons | 1 | |
| Gunpowder | 1 | |
| Flying Machine Bombs | 1 | |
13 total
» buildings
| Altar of Kings | 1 | |
| Farm | 22 | |
| Lumber Mill | 1 | |
| Blacksmith | 3 | |
| Barracks | 4 | |
| Keep | 6 | |
| Town Hall | 4 | |
| Scout Tower | 25 | |
| Guard Tower | 9 | |
| Arcane Tower | 8 | |
| Workshop | 5 | |
| Castle | 1 | |
| Gryphon Aviary | 2 | |
| Arcane Vault | 1 | |
| Arcane Sanctum | 1 | |
93 total
» build order
00:15 Altar of Kings
00:22 Farm
00:38 Lumber Mill
01:00 Farm
01:43 Blacksmith
01:55 Barracks
02:09 Farm
02:49 Farm
03:42 Keep
03:42 Keep
04:23 Town Hall
04:34 Scout Tower
04:55 Scout Tower
05:05 Guard Tower
05:26 Scout Tower
05:26 Guard Tower
05:54 Scout Tower
05:55 Arcane Tower
06:31 Town Hall
06:46 Scout Tower
06:58 Workshop
07:01 Workshop
07:16 Castle
07:34 Scout Tower
08:08 Scout Tower
08:10 Scout Tower
09:16 Guard Tower
09:17 Scout Tower
09:19 Scout Tower
09:21 Scout Tower
09:35 Gryphon Aviary
09:38 Gryphon Aviary
09:56 Guard Tower
09:58 Scout Tower
10:04 Scout Tower
10:10 Arcane Vault
10:17 Arcane Tower
10:18 Guard Tower
10:41 Barracks
10:53 Arcane Tower
10:56 Guard Tower
11:06 Guard Tower
11:08 Scout Tower
11:18 Farm
11:24 Scout Tower
11:58 Scout Tower
12:08 Scout Tower
12:20 Arcane Sanctum
12:39 Scout Tower
12:49 Arcane Tower
12:51 Arcane Tower
13:17 Scout Tower
14:29 Farm
14:40 Guard Tower
14:42 Scout Tower
14:46 Guard Tower
15:26 Farm
16:33 Farm
19:56 Farm
19:58 Scout Tower
20:39 Arcane Tower
20:50 Farm
20:52 Scout Tower
21:08 Farm
21:11 Arcane Tower
21:13 Scout Tower
21:27 Arcane Tower
21:30 Scout Tower
25:04 Farm
25:15 Blacksmith
25:37 Farm
26:45 Barracks
27:18 Farm
27:20 Scout Tower
28:35 Barracks
29:17 Town Hall
29:20 Keep
30:16 Town Hall
30:35 Keep
30:35 Keep
31:29 Blacksmith
33:11 Workshop
33:34 Workshop
33:38 Workshop
34:31 Farm
34:39 Farm
35:05 Farm
35:11 Farm
36:31 Farm
36:46 Farm
37:11 Farm
38:52 Farm
» items
| Scroll of Regeneration | 1 | |
| Scroll of Town Portal | 6 | |
| Potion of Healing | 1 | |
| Potion of Lesser Invulnerability | 2 | |
| Boots of Speed | 1 | |
| Orb of Fire | 1 | |
12 total
Bigmouth (
blue | 40 APM | 2288 actions | 57:08)
10 Blademaster
3 Wind Walk
3 Critical Strike
1 Bladestorm
3 Mirror Image
» actions
| Assign group hotkey | 45 | |
| Basic commands | 149 | |
| Build / train | 61 | |
| Enter build submenu | 73 | |
| Enter hero's abilities submenu | 10 | |
| Give item / drop item | 16 | |
| Remove unit from queue | 1 | |
| Right click | 896 | |
| Select / deselect | 421 | |
| Select group hotkey | 451 | |
| Use ability | 165 | |
2288 total
» units
| Peon | 16 | |
| Grunt | 4 | |
| Troll Batrider | 2 | |
| Wind Rider | 3 | |
25 total
» upgrades
| Ranged Weapons | 3 | |
| Armor | 3 | |
| Troll Regeneration | 1 | |
| Reinforced Defenses | 1 | |
| Envenomed Spears | 1 | |
9 total
» buildings
| Orc Burrow | 6 | |
| Altar of Storms | 1 | |
| Barracks | 1 | |
| Voodoo Lounge | 1 | |
| Stronghold | 2 | |
| War Mill | 2 | |
| Great Hall | 8 | |
| Watch Tower | 48 | |
| Fortress | 1 | |
| Beastiary | 4 | |
74 total
» build order
00:12 Orc Burrow
01:09 Altar of Storms
01:11 Barracks
01:14 Orc Burrow
02:10 Voodoo Lounge
02:51 Stronghold
02:52 Stronghold
04:22 War Mill
04:24 Orc Burrow
04:27 War Mill
06:04 Great Hall
06:07 Watch Tower
06:08 Watch Tower
06:08 Watch Tower
06:09 Watch Tower
06:39 Watch Tower
06:40 Watch Tower
06:44 Watch Tower
08:46 Watch Tower
10:28 Fortress
10:51 Watch Tower
10:51 Watch Tower
10:51 Watch Tower
10:52 Watch Tower
11:59 Watch Tower
12:00 Watch Tower
12:12 Watch Tower
13:11 Watch Tower
13:15 Watch Tower
13:15 Watch Tower
13:20 Watch Tower
13:21 Watch Tower
18:41 Watch Tower
18:42 Watch Tower
18:44 Watch Tower
20:22 Beastiary
20:23 Beastiary
20:25 Beastiary
20:28 Beastiary
24:19 Great Hall
24:48 Watch Tower
24:48 Watch Tower
24:51 Watch Tower
24:55 Watch Tower
24:56 Watch Tower
25:02 Watch Tower
25:05 Watch Tower
25:07 Watch Tower
25:32 Watch Tower
25:33 Watch Tower
25:37 Great Hall
25:38 Watch Tower
25:39 Watch Tower
26:22 Orc Burrow
26:25 Orc Burrow
26:26 Orc Burrow
27:49 Great Hall
28:39 Great Hall
28:51 Watch Tower
28:51 Watch Tower
28:53 Watch Tower
28:54 Watch Tower
36:32 Great Hall
36:36 Watch Tower
36:37 Watch Tower
36:37 Watch Tower
36:38 Watch Tower
37:47 Great Hall
44:23 Great Hall
44:29 Watch Tower
44:29 Watch Tower
44:30 Watch Tower
44:48 Watch Tower
44:50 Watch Tower
» items
| Healing Salve | 2 | |
| Boots of Speed | 1 | |
| Dust of Appearance | 1 | |
| Periapt of Vitality | 2 | |
| Potion of Healing | 1 | |
| Lesser Clarity Potion | 1 | |
| Scroll of Town Portal | 3 | |
| Staff of Teleportation | 1 | |
12 total
MaxSuckage (
pink | 22 APM | 1259 actions | 57:08)
6 Archmage
2 Summon Water Elemental
1 Blizzard
2 Brilliance Aura
1 Mass Teleport
» actions
| Basic commands | 57 | |
| Build / train | 149 | |
| ESC pressed | 3 | |
| Enter build submenu | 35 | |
| Enter hero's abilities submenu | 6 | |
| Right click | 359 | |
| Select / deselect | 561 | |
| Use ability | 89 | |
1259 total
» units
| Peasant | 56 | |
| Footman | 13 | |
| Priest | 11 | |
| Knight | 10 | |
| Siege Engine | 12 | |
| Mortar Team | 3 | |
| Flying Machine | 4 | |
109 total
» upgrades
| Lumber Harvesting | 2 | |
| Masonry | 3 | |
| Magic Sentry | 1 | |
| Barrage | 1 | |
| Gunpowder | 2 | |
| Plating | 2 | |
| Swords | 1 | |
| Flare | 1 | |
13 total
» buildings
| Altar of Kings | 1 | |
| Farm | 11 | |
| Barracks | 1 | |
| Scout Tower | 13 | |
| Arcane Tower | 1 | |
| Keep | 1 | |
| Town Hall | 2 | |
| Lumber Mill | 1 | |
| Guard Tower | 10 | |
| Castle | 1 | |
| Arcane Sanctum | 1 | |
| Blacksmith | 1 | |
| Workshop | 3 | |
| Arcane Vault | 1 | |
48 total
» build order
00:12 Altar of Kings
00:19 Farm
00:52 Barracks
00:57 Farm
01:35 Farm
01:41 Scout Tower
01:57 Farm
02:14 Arcane Tower
02:36 Farm
04:06 Keep
04:45 Town Hall
05:57 Scout Tower
06:03 Lumber Mill
06:54 Guard Tower
06:56 Scout Tower
07:25 Castle
07:52 Farm
07:55 Arcane Sanctum
08:05 Blacksmith
08:14 Guard Tower
08:16 Scout Tower
08:21 Scout Tower
08:32 Farm
08:54 Guard Tower
09:54 Scout Tower
10:07 Farm
10:20 Workshop
10:35 Guard Tower
10:37 Scout Tower
11:05 Workshop
11:17 Workshop
11:29 Guard Tower
11:30 Scout Tower
12:17 Scout Tower
12:24 Guard Tower
12:49 Scout Tower
13:38 Guard Tower
13:41 Arcane Vault
14:07 Guard Tower
14:28 Scout Tower
15:10 Guard Tower
15:17 Scout Tower
15:52 Guard Tower
15:56 Farm
15:56 Farm
17:22 Scout Tower
18:03 Farm
27:50 Town Hall
» items
| Scroll of Town Portal | 4 | |
| Potion of Healing | 3 | |
7 total
Brabo (
green | 25 APM | 1432 actions | 57:08)
5 Blood Mage
3 Flame Strike
2 Siphon Mana
1 Mountain King
1 Avatar
» actions
| Assign group hotkey | 19 | |
| Basic commands | 5 | |
| Build / train | 91 | |
| Enter build submenu | 16 | |
| Enter hero's abilities submenu | 6 | |
| Remove unit from queue | 1 | |
| Right click | 892 | |
| Select / deselect | 219 | |
| Select group hotkey | 128 | |
| Use ability | 55 | |
1432 total
» units
| Peasant | 25 | |
| Footman | 10 | |
| Knight | 11 | |
| Sorceress | 7 | |
| Rifleman | 3 | |
56 total
» upgrades
| Masonry | 5 | |
| Swords | 3 | |
| Plating | 3 | |
| Lumber Harvesting | 2 | |
| Animal War Training | 1 | |
| Magic Sentry | 1 | |
15 total
» buildings
| Altar of Kings | 1 | |
| Farm | 9 | |
| Barracks | 2 | |
| Lumber Mill | 3 | |
| Scout Tower | 8 | |
| Guard Tower | 4 | |
| Keep | 1 | |
| Blacksmith | 1 | |
| Arcane Vault | 1 | |
| Castle | 1 | |
| Arcane Sanctum | 1 | |
32 total
» build order
00:15 Altar of Kings
00:30 Farm
00:31 Farm
00:41 Barracks
01:40 Lumber Mill
01:54 Scout Tower
01:57 Scout Tower
02:43 Guard Tower
02:47 Guard Tower
02:59 Scout Tower
03:01 Scout Tower
03:05 Farm
03:06 Farm
03:07 Farm
04:00 Guard Tower
04:02 Keep
04:12 Blacksmith
04:23 Arcane Vault
06:24 Castle
06:40 Barracks
06:51 Lumber Mill
10:29 Farm
10:29 Farm
10:31 Farm
10:32 Farm
11:04 Arcane Sanctum
17:54 Scout Tower
17:56 Scout Tower
17:57 Scout Tower
17:57 Scout Tower
20:52 Guard Tower
21:24 Lumber Mill
» items
| Scroll of Regeneration | 1 | |
| Scroll of Town Portal | 1 | |
2 total
team 2 (winner)
thistimeheIIyou (
teal | 90 APM | 5145 actions | 57:08)
10 Pit Lord
3 Rain of Fire
3 Cleaving Attack
1 Doom
3 Howl of Terror
» actions
| Assign group hotkey | 123 | |
| Basic commands | 146 | |
| Build / train | 210 | |
| ESC pressed | 13 | |
| Enter build submenu | 50 | |
| Enter hero's abilities submenu | 10 | |
| Give item / drop item | 19 | |
| Remove unit from queue | 1 | |
| Right click | 1839 | |
| Select / deselect | 619 | |
| Select group hotkey | 1804 | |
| Use ability | 310 | |
5145 total
» units
| Peasant | 24 | |
| Footman | 6 | |
| Sorceress | 3 | |
| Dragonhawk Rider | 7 | |
| Gryphon Rider | 8 | |
| Priest | 2 | |
50 total
» upgrades
| Masonry | 3 | |
| Swords | 3 | |
| Sorceress Training | 2 | |
| Magic Sentry | 1 | |
| Lumber Harvesting | 2 | |
| Armor | 3 | |
| Cloud | 1 | |
| Storm Hammers | 1 | |
| Animal War Training | 1 | |
| Priest Training | 2 | |
| Plating | 1 | |
| Gunpowder | 1 | |
21 total
» buildings
| Altar of Kings | 1 | |
| Barracks | 1 | |
| Farm | 11 | |
| Arcane Vault | 1 | |
| Town Hall | 3 | |
| Lumber Mill | 1 | |
| Keep | 4 | |
| Scout Tower | 28 | |
| Blacksmith | 1 | |
| Guard Tower | 46 | |
| Arcane Sanctum | 1 | |
| Castle | 4 | |
| Gryphon Aviary | 5 | |
107 total
» build order
00:40 Altar of Kings
00:41 Barracks
00:51 Farm
01:04 Farm
01:35 Farm
02:10 Farm
03:33 Arcane Vault
03:36 Town Hall
05:32 Lumber Mill
06:05 Keep
06:05 Keep
06:06 Keep
06:09 Scout Tower
06:10 Scout Tower
06:13 Scout Tower
06:28 Blacksmith
07:04 Guard Tower
07:04 Guard Tower
08:00 Scout Tower
08:01 Scout Tower
08:02 Scout Tower
08:05 Scout Tower
08:07 Scout Tower
08:08 Scout Tower
08:09 Scout Tower
08:10 Scout Tower
08:11 Scout Tower
08:27 Arcane Sanctum
08:30 Guard Tower
08:30 Guard Tower
08:30 Guard Tower
08:31 Guard Tower
08:31 Guard Tower
08:32 Guard Tower
08:48 Guard Tower
08:55 Town Hall
10:07 Guard Tower
10:07 Guard Tower
10:08 Guard Tower
10:08 Guard Tower
10:12 Guard Tower
10:12 Guard Tower
10:17 Guard Tower
10:17 Guard Tower
10:18 Guard Tower
10:18 Guard Tower
10:19 Guard Tower
10:19 Guard Tower
10:38 Guard Tower
10:38 Guard Tower
10:49 Guard Tower
10:49 Guard Tower
11:08 Scout Tower
11:10 Scout Tower
11:11 Scout Tower
11:12 Scout Tower
11:31 Guard Tower
11:31 Guard Tower
11:35 Scout Tower
11:37 Scout Tower
12:19 Guard Tower
12:19 Guard Tower
12:22 Scout Tower
12:23 Scout Tower
12:27 Scout Tower
12:29 Scout Tower
13:04 Guard Tower
13:04 Guard Tower
13:12 Guard Tower
13:33 Guard Tower
14:00 Scout Tower
14:04 Scout Tower
14:16 Castle
14:16 Castle
14:17 Castle
15:17 Gryphon Aviary
15:18 Gryphon Aviary
17:16 Gryphon Aviary
17:19 Gryphon Aviary
17:20 Gryphon Aviary
22:30 Guard Tower
27:55 Farm
27:56 Farm
27:58 Farm
27:59 Farm
28:05 Farm
32:49 Farm
32:50 Farm
34:02 Town Hall
34:15 Scout Tower
34:16 Scout Tower
34:17 Scout Tower
34:18 Scout Tower
34:55 Guard Tower
34:55 Guard Tower
» items
| Scroll of Regeneration | 13 | |
| Staff of Teleportation | 1 | |
| Periapt of Vitality | 1 | |
| Potion of Invisibility | 5 | |
| Lesser Clarity Potion | 7 | |
| Potion of Healing | 6 | |
| Potion of Mana | 3 | |
| Ivory Tower | 3 | |
| Staff of Sanctuary | 2 | |
| Scroll of Town Portal | 5 | |
46 total
inc-retard (
purple | 71 APM | 3923 actions | 55:21)
10 Goblin Tinker
3 Pocket Factory
3 Engineering Upgrade
1 Robo-Goblin
3 Cluster Rockets
» actions
| Assign group hotkey | 125 | |
| Basic commands | 11 | |
| Build / train | 96 | |
| Enter build submenu | 28 | |
| Enter hero's abilities submenu | 10 | |
| Give item / drop item | 1 | |
| Right click | 1888 | |
| Select / deselect | 379 | |
| Select group hotkey | 1253 | |
| Use ability | 132 | |
3923 total
» units
| Peasant | 17 | |
| Footman | 6 | |
| Rogue | 1 | |
| Gryphon Rider | 4 | |
| Siege Engine | 11 | |
| Flying Machine | 6 | |
45 total
» upgrades
| Masonry | 3 | |
| Lumber Harvesting | 2 | |
| Storm Hammers | 1 | |
| Animal War Training | 1 | |
| Swords | 1 | |
| Armor | 1 | |
| Gunpowder | 2 | |
| Plating | 2 | |
| Barrage | 1 | |
| Flak Cannons | 1 | |
| Flying Machine Bombs | 1 | |
16 total
» buildings
| Altar of Kings | 2 | |
| Barracks | 1 | |
| Farm | 14 | |
| Arcane Vault | 1 | |
| Town Hall | 1 | |
| Lumber Mill | 2 | |
| Scout Tower | 12 | |
| Arcane Tower | 1 | |
| Keep | 2 | |
| Guard Tower | 3 | |
| Castle | 1 | |
| Gryphon Aviary | 3 | |
| Blacksmith | 1 | |
| Workshop | 4 | |
| Arcane Sanctum | 1 | |
49 total
» build order
00:16 Altar of Kings
00:21 Barracks
00:36 Farm
00:51 Farm
01:38 Farm
02:19 Arcane Vault
03:08 Farm
04:42 Town Hall
04:45 Lumber Mill
04:50 Lumber Mill
04:52 Scout Tower
04:53 Scout Tower
05:27 Arcane Tower
05:48 Keep
05:49 Keep
05:57 Scout Tower
05:57 Scout Tower
06:31 Guard Tower
07:16 Scout Tower
07:16 Scout Tower
07:17 Scout Tower
07:18 Scout Tower
07:52 Guard Tower
08:07 Scout Tower
08:07 Scout Tower
08:08 Scout Tower
08:08 Scout Tower
09:57 Castle
10:01 Gryphon Aviary
10:38 Gryphon Aviary
11:01 Gryphon Aviary
11:03 Farm
11:03 Farm
11:03 Farm
13:01 Guard Tower
13:32 Blacksmith
16:23 Workshop
18:02 Workshop
18:25 Workshop
18:32 Workshop
21:02 Farm
21:02 Farm
21:02 Farm
30:49 Farm
30:49 Farm
37:42 Arcane Sanctum
47:14 Altar of Kings
47:15 Farm
» items
| Scroll of Regeneration | 4 | |
| Lesser Clarity Potion | 1 | |
| Staff of Teleportation | 1 | |
| Scroll of Town Portal | 4 | |
| Staff of Sanctuary | 1 | |
| Potion of Mana | 1 | |
| Potion of Invisibility | 3 | |
| Boots of Speed | 1 | |
16 total
garlicbread (
orange | 12 APM | 669 actions | 57:08)
5 Blademaster
3 Wind Walk
2 Critical Strike
» actions
| Assign group hotkey | 30 | |
| Build / train | 49 | |
| Enter build submenu | 17 | |
| Enter hero's abilities submenu | 5 | |
| Right click | 286 | |
| Select / deselect | 231 | |
| Select group hotkey | 9 | |
| Use ability | 42 | |
669 total
» units
| Peon | 16 | |
| Grunt | 3 | |
| Shaman | 5 | |
| Tauren | 5 | |
29 total
» upgrades
| Armor | 2 | |
| Melee Weapons | 3 | |
| Shaman Training | 2 | |
| Pulverize | 1 | |
8 total
» buildings
| Orc Burrow | 6 | |
| Altar of Storms | 1 | |
| Barracks | 1 | |
| War Mill | 1 | |
| Voodoo Lounge | 2 | |
| Watch Tower | 1 | |
| Stronghold | 1 | |
| Fortress | 1 | |
| Spirit Lodge | 2 | |
| Tauren Totem | 2 | |
18 total
» build order
00:26 Orc Burrow
00:48 Altar of Storms
01:07 Barracks
01:27 War Mill
01:41 Orc Burrow
02:26 Voodoo Lounge
02:45 Watch Tower
03:17 Stronghold
04:50 Orc Burrow
06:31 Fortress
06:35 Spirit Lodge
06:40 Spirit Lodge
08:06 Orc Burrow
10:20 Tauren Totem
10:28 Voodoo Lounge
10:37 Tauren Totem
11:24 Orc Burrow
14:58 Orc Burrow
» items
| Potion of Healing | 2 | |
| Healing Salve | 1 | |
| Orb of Lightning | 1 | |
4 total
mosani (
yellow | 87 APM | 3266 actions | 37:28)
5 Priestess of the Moon
2 Searing Arrows
3 Trueshot Aura
4 Warden
2 Shadow Strike
2 Blink
» actions
| Assign group hotkey | 31 | |
| Basic commands | 92 | |
| Build / train | 76 | |
| ESC pressed | 1 | |
| Enter build submenu | 19 | |
| Enter hero's abilities submenu | 10 | |
| Give item / drop item | 1 | |
| Right click | 770 | |
| Select / deselect | 573 | |
| Select group hotkey | 1614 | |
| Use ability | 77 | |
3266 total
» units
| Wisp | 11 | |
| Huntress | 9 | |
| Archer | 8 | |
| Chimaera | 6 | |
34 total
» upgrades
| Ultravision | 1 | |
| Strength of the Moon | 2 | |
| Improved Bows | 1 | |
| Sentinel | 1 | |
| Moon Armor | 1 | |
| Upgrade Moon Glaive | 1 | |
| Marksmanship | 1 | |
| Corrosive Breath | 1 | |
| Strength of the Wild | 3 | |
| Reinforced Hides | 2 | |
| Nature's Blessing | 1 | |
15 total
» buildings
| Moon Well | 7 | |
| Altar of Elders | 1 | |
| Hunter's Hall | 1 | |
| Ancient of War | 2 | |
| Tree of Ages | 1 | |
| Tree of Eternity | 1 | |
| Ancient of Wind | 1 | |
| Chimaera Roost | 3 | |
| Ancient of Wonders | 1 | |
| Tree of Life | 1 | |
19 total
» build order
00:12 Moon Well
00:16 Altar of Elders
01:12 Moon Well
02:16 Hunter's Hall
02:19 Ancient of War
02:25 Ancient of War
02:38 Moon Well
03:04 Moon Well
05:52 Tree of Ages
10:31 Tree of Eternity
11:56 Moon Well
12:01 Moon Well
12:03 Moon Well
13:09 Ancient of Wind
14:50 Chimaera Roost
14:51 Chimaera Roost
14:56 Chimaera Roost
15:33 Ancient of Wonders
16:16 Tree of Life
» items
| Scroll of Healing | 2 | |
| Scroll of Town Portal | 6 | |
| Anti-magic Potion | 2 | |
| Moonstone | 2 | |
| Scroll of Regeneration | 1 | |
13 total
Chat log
(00:06 / All) thistimeheIIyou: Orange is delicious
(00:10 / All) thistimeheIIyou: Garlicbread ftw
(00:13 / All) inc-retard: yay best 4v4 map
(00:27 / All) Bigmouth: I don't eat garlic
(00:33 / All) thistimeheIIyou: Why not
(00:33 / All) Bigmouth: It killed my father, since we're vampries
(00:46 / All) thistimeheIIyou: Well he's a vampire
(00:48 / All) thistimeheIIyou: he can't eat it orange
(00:59 / All) thistimeheIIyou: Don't be inconsiderate
(01:00 / All) thistimeheIIyou: that's ableist
(01:58 / All) mosani: this is becoming more of a chat line that the actual game
(02:11 / Allies) Brabo: fotts to knghts
(02:21 / Allies) Brabo: or grifs
(02:40 / All) Bigmouth: I'd rather chat than play the game but then people will attack my town
(02:53 / All) MaxSuckage: we can chat
(02:59 / All) MaxSuckage: whens the last time you had buttsex
(03:08 / All) mosani: lol
(03:10 / All) Bigmouth: N/A (never)
(03:28 / Allies) MaxSuckage: clear that now red or im going in
(03:49 / All) mosani: you mean in prison
(03:55 / All) MaxSuckage: yes or no
(04:00 / All) MaxSuckage: do your parents know your gay?
(04:54 / Allies) Bigmouth: thanks bro
(05:00 / Allies) Bigmouth: you're a life saver
(05:05 / All) MaxSuckage: do you still have sex with your sister?
(05:06 / Allies) Bigmouth: could never have crept that alone
(05:24 / All) mosani: Y
(05:36 / All) MaxSuckage: i have sex with her too
(05:43 / All) mosani: i always have sex with her
(06:15 / All) MaxSuckage: how do you get wood in this game
(06:22 / All) thistimeheIIyou: a second monitor and porn
(06:26 / All) MaxSuckage: i figured it out
(06:28 / All) MaxSuckage: hand in the pants
(07:51 / Allies) Bigmouth: get dust
(10:29 / All) MaxSuckage: my goal in life is to lick my own asshole
(10:45 / All) inc-retard: dat normal
(10:55 / All) MaxSuckage: they say i cant
(11:01 / All) MaxSuckage: cant aint in my vocab
(11:10 / All) MaxSuckage: aint is though
(11:13 / All) MaxSuckage: and taint
(12:43 / Allies) Brabo: going
(13:04 / Allies) Bigmouth: bladestorm sucked lawl
(13:40 / All) Bigmouth: shitty bladestorm I did
(13:48 / All) mosani: yea
(13:54 / All) mosani: lol
(14:05 / All) mosani: you went all over the place
(14:13 / All) Bigmouth: I tried to a mvoe it lawl
(14:14 / All) mosani: but you got my hero thats for sur
(14:36 / All) inc-retard: robo
(15:11 / All) Bigmouth: two orbs of frost
(15:13 / All) Bigmouth: my lucky day
(15:16 / All) inc-retard: same
(15:24 / All) thistimeheIIyou: I'll take one
(19:37 / All) Bigmouth: thx :)
(20:49 / All) thistimeheIIyou: I'm doing more than your blood mage with a pitlord
(21:28 / All) Bigmouth: them tauren kill good
(22:06 / All) garlicbread: my teamates are pro
(22:09 / All) garlicbread: they sit in base
(22:12 / All) garlicbread: and wait for the loss
(22:22 / All) garlicbread: great communication
(22:27 / All) garlicbread: great activity
(22:31 / All) Bigmouth: Don't want to hear your sob story
(22:32 / All) garlicbread: really atrong players
(22:47 / All) Bigmouth: tell it to tumblr, tehy have some social justice warriors that may provide a hugbox
(22:48 / Allies) Brabo: have nothing anti air
(23:45 / All) garlicbread: what a joke
(23:49 / All) garlicbread: afk
(25:56 / All) Bigmouth: I'll get an army if you attack it again
(25:59 / All) Bigmouth: and wipe out oyur entire base
(26:14 / All) Bigmouth: have it your awy
(27:37 / All) thistimeheIIyou: Nice try
(27:41 / All) thistimeheIIyou: Now you die
(27:42 / All) MaxSuckage: be right back
(27:56 / Allies) Bigmouth: Cancel it pink
(28:04 / All) MaxSuckage: y
(28:08 / Allies) Bigmouth: I'm taking it
(28:22 / Allies) Bigmouth: Cancel it
(28:35 / All) MaxSuckage: pretty gay
(28:38 / All) MaxSuckage: im here and you werent
(28:46 / Allies) Bigmouth: Yellow denied it twice
(28:47 / Allies) Bigmouth: Little faggot
(28:50 / All) inc-retard: god ur such a try hard red lol
(28:52 / All) MaxSuckage: he is
(28:56 / All) MaxSuckage: but that doesnt change anything
(29:08 / Allies) Bigmouth: and you saw me bring my 5 peons to it and army
(29:13 / All) thistimeheIIyou: Say by to everything, pink
(29:16 / Allies) Bigmouth: so you plopped it down quick
(29:16 / All) MaxSuckage: didnt see it but whatever
(29:17 / All) thistimeheIIyou: because you are about to lose it all
(29:26 / All) MaxSuckage: i saw 5 bats
(29:31 / All) MaxSuckage: and red had some air.. whatever
(30:11 / All) MaxSuckage: come back teal
(30:19 / All) thistimeheIIyou: You're dead
(30:27 / All) MaxSuckage: looks like it
(30:29 / All) garlicbread: teal has 22000 gold....
(30:37 / All) garlicbread: ive never seen anything like this
(30:39 / All) garlicbread: before
(30:48 / Allies) Bigmouth: need lumber
(30:58 / All) thistimeheIIyou: keep mass tping buddy
(32:02 / All) MaxSuckage: when am i losing all again
(32:54 / All) MaxSuckage: lol.. blue bs
(32:58 / All) thistimeheIIyou: Right now
(34:05 / Allies) Bigmouth: I knew you were up to no good, that's why I got you b efore you could get me!
(34:13 / All) MaxSuckage: ok
(34:19 / All) MaxSuckage: whatever makes u happy
(34:27 / All) thistimeheIIyou: Seeing you crushed under my boot sure does
(34:36 / All) MaxSuckage: lol.. teal.. you didnt do shit
(34:41 / All) MaxSuckage: except get money
(34:44 / All) thistimeheIIyou: You took my staff yellow
(34:45 / All) thistimeheIIyou: Time to die
(34:58 / All) thistimeheIIyou: Bye
(35:00 / All) thistimeheIIyou: Leave
(35:01 / Allies) Dial-up: send tanks
(35:01 / Allies) Dial-up: pionk
(35:03 / All) thistimeheIIyou: noob elf stealing trash
(36:28 / All) thistimeheIIyou: Nice try red
(36:43 / Allies) Bigmouth: lumber?
(36:51 / All) Brabo: pink is helping you
(39:30 / All) Bigmouth: this expo I got wasn't worth the construction
(39:51 / All) thistimeheIIyou: that's a lot of peasants on that mine
(39:52 / All) thistimeheIIyou: well not anymore
(40:46 / All) Brabo: blue
(41:38 / Allies) Dial-up: gold
(41:39 / Allies) Dial-up: blue
(41:43 / Allies) Dial-up: i need gold
(42:49 / Allies) Dial-up: hello ?
(42:51 / Allies) Dial-up: anyone here ?
(42:55 / All) Brabo: blue
(43:01 / All) Brabo: lets go
(43:03 / Allies) Dial-up: wake up blue
(43:15 / All) Brabo: blue plis give gold to red
(43:15 / Allies) Dial-up: blue
(43:20 / All) Brabo: blue
(43:22 / Allies) Dial-up: omfg
(44:33 / Allies) Dial-up: 'wake uop blue
(44:39 / All) Brabo: bluuueeeeeeeee
(44:49 / Allies) Dial-up: fucking me fucking gold
(44:51 / Allies) Dial-up: i can own them
(44:57 / Allies) Bigmouth: I don't have a lot to spare
(45:04 / All) Brabo: gogo bluye plis
(45:05 / Allies) Bigmouth: gold is scarce now
(45:08 / All) Brabo: gog
(45:10 / All) Brabo: now
(45:13 / All) Brabo: gogo
(45:39 / All) Brabo: blue heeeeeelp
(45:49 / Allies) Dial-up: blue
(47:31 / All) Brabo: blue
(47:38 / All) Brabo: we could win
(47:41 / All) thistimeheIIyou: could
(47:46 / All) Brabo: why didi you do that?
(47:48 / All) inc-retard: gonna go afk for a bit
(52:07 / All) Brabo: dont have money
(52:10 / All) inc-retard: got red was annoyign, no way is he a 21-26 player
(53:49 / All) thistimeheIIyou: My side is done
(53:59 / All) inc-retard: this was a rather chahotic game
(54:04 / All) inc-retard: lots of shit happened
(54:07 / All) thistimeheIIyou: they're outrunning the towers
(54:09 / All) inc-retard: no chat tho
(54:22 / All) thistimeheIIyou: set your peons to attack the towers
(54:51 / All) Bigmouth: chat is mostly green going "BLUE BLUE!!!
(54:52 / All) thistimeheIIyou: one more of the little bastards left
(54:57 / All) Bigmouth: 18 items
(55:01 / All) Bigmouth: 18 legit items
(55:01 / All) inc-retard: i want to see ur chat blue
(55:04 / All) inc-retard: kill ur last peon
(55:07 / All) thistimeheIIyou: one more peon
(55:27 / Allies) Brabo: i hate this kind of players
(55:29 / All) thistimeheIIyou: Good luck everyone
(56:53 / All) Bigmouth: Good luck gentlemen
(56:57 / All) Bigmouth: May your game never end
(56:57 / All) thistimeheIIyou: Bladestorm while it dies
(56:58 / All) thistimeheIIyou: gogo